 Dungeon Crawl Stone Soup version 0.25-a0-591-g2ad0d86 (webtiles) character file.

Game seed: 3121417531402615236, levelgen mode: deterministic

212376 15 the Eclecticist (level 18, -6/98 HPs)
             Began as a Deep Elf Fire Elementalist on Mar 10, 2020.
             Was the Champion of Vehumet.
             Hit by a silver javelin thrown by a merfolk javelineer (7 damage)
             ... on level 4 of the Shoals on Mar 13, 2020.
             The game lasted 05:24:43 (39163 turns).

15 the Eclecticist (Deep Elf Fire Elementalist)    Turns: 39163, Time: 05:24:44

Health: -6/98      AC:  8    Str: 17    XL:     18   Next: 24%
Magic:  16/43      EV: 19    Int: 36    God:    Vehumet [******]
Gold:   1067       SH: 12    Dex: 15    Spells: 2/56 levels left

rFire    . . .     SeeInvis +   j - +3 falchion "Giantbane" {drain, rElec Str+5 Int+3}
rCold    . . .     Gourm    .   T - +1 buckler
rNeg     . . .     Faith    .   N - +1 robe of the Learner {rPois Regen+ Str+4}
rPois    +         Spirit   .   (helmet restricted)
rElec    +         Reflect  +   G - +0 cloak
rCorr    .         Harm     .   d - +1 pair of gloves "Lumothre" {rPois MR+}
MR       +++..                  K - +0 pair of boots
Stlth    ++++......             Z - +6 amulet of reflection
HPRegen  0.66/turn              s - ring of Miaf {MR+ Int+2 Stlth+}
MPRegen  0.28/turn              L - +5 ring of intelligence

@: no status effects
A: antennae 1, see invisible, mutation resistance 1
}: 1/15 runes: gossamer
a: Renounce Religion


You were on level 4 of the Shoals.
You worshipped Vehumet.
Vehumet was exalted by your worship.
You were not hungry.

You visited 6 branches of the dungeon, and saw 32 of its levels.
You visited 1 bazaar.
You also visited: Sewer, Ossuary and Volcano.

You collected 3193 gold pieces.
You spent 2126 gold pieces at shops.

Inventory:

Hand Weapons
 j - the +3 falchion "Giantbane" (weapon) {drain, rElec Str+5 Int+3}
   (You found it on level 11 of the Dungeon)

   A truly terrible weapon, it drains the life of those it strikes.
   It affects your strength (+5).
   It affects your intelligence (+3).
   It insulates you from electricity.
 m - a +4 dagger of venom (quivered)
 E - the +8 arc blade {discharge, rElec}
   (You took it off a centaur warrior on level 9 of the Dungeon)

   It insulates you from electricity.
Armour
 d - the +1 pair of gloves "Lumothre" (worn) {rPois MR+}
   (You found it on level 4 of the Spider Nest)

   It protects you from poison.
   It affects your resistance to hostile enchantments.
 G - a +0 cloak (worn)
 K - a +0 pair of boots (worn)
 N - the +1 robe of the Learner (worn) {rPois Regen+ Str+4}
   (You found it on level 8 of the Dungeon)

   It affects your strength (+4).
   It protects you from poison.
   It increases your rate of regeneration.
 T - a +1 buckler (worn)
 V - a +1 pair of gloves of strength
Magical Staves
 O - an uncursed staff of cold
 P - an uncursed staff of wizardry
 Q - an uncursed staff of fire
Jewellery
 h - an uncursed ring of fire
 l - an uncursed ring of positive energy
 o - an uncursed ring of resist corrosion
 s - the ring of Miaf (left hand) {MR+ Int+2 Stlth+}
   (You acquired it on level 14 of the Dungeon)

   [ring of intelligence]

   It affects your intelligence (+2).
   It affects your resistance to hostile enchantments.
   It makes you more stealthy.
 B - the ring "Zausoq" {rC+ Int-3}
   (You took it off a centaur warrior on level 9 of the Dungeon)

   [ring of intelligence]

   It affects your intelligence (-3).
   It protects you from cold.
 J - an uncursed ring of protection from fire
 L - a +5 ring of intelligence (right hand)
 S - an uncursed amulet of regeneration
 W - the ring of Buomep {Ice Str+10}
   (You found it on level 11 of the Dungeon)

   [ring of ice]

   It enhances your ice magic.
   It affects your strength (+10).
   It makes you vulnerable to fire.
   It protects you from cold.
 Y - an uncursed ring of flight
 Z - a +6 amulet of reflection (around neck)
Wands
 a - a wand of iceblast (7)
 b - a wand of disintegration (20)
 g - a wand of clouds (4)
 i - a wand of paralysis (5)
Scrolls
 e - 13 scrolls of remove curse
 k - 4 scrolls of enchant weapon
 n - 3 scrolls of fear
 q - 6 scrolls of amnesia
 t - 13 scrolls of teleportation
 u - 3 scrolls of fog
 x - 6 scrolls of immolation
 F - a scroll of blinking
 M - 6 scrolls of enchant armour
 U - 2 scrolls of summoning
 X - 2 scrolls of holy word
Potions
 f - 5 potions of heal wounds
 p - 3 potions of ambrosia
 v - 8 potions of haste
 y - a potion of lignification
 z - 9 potions of resistance
 A - 11 potions of curing
 C - 6 potions of brilliance
 D - 3 potions of cancellation
 I - 4 potions of mutation
Miscellaneous
 H - a lightning rod (4/4)
 R - a lamp of fire
Comestibles
 c - 68 rations
 r - a chunk of flesh


   Skills:
 + Level 6.2 Fighting
 - Level 3.6(4.4) Short Blades
 - Level 3.3(4.0) Long Blades
 - Level 1.2 Staves
 - Level 1.4 Throwing
 - Level 7.4 Armour
 + Level 9.8 Dodging
 - Level 5.0 Stealth
 - Level 6.0 Shields
 + Level 19.8 Spellcasting
 * Level 14.3 Conjurations
 - Level 1.1 Hexes
 - Level 1.7 Translocations
 - Level 1.6 Transmutations
 + Level 11.6 Fire Magic
 - Level 5.6 Ice Magic
 - Level 8.0 Air Magic
 * Level 12.0 Earth Magic
 - Level 2.9 Poison Magic
 + Level 11.3 Evocations


You had 2 spell levels left.
You knew the following spells:

 Your Spells              Type           Power        Failure   Level  Hunger
a - Foxfire               Conj/Fire      ####         0%          1    None
b - Lehudib's Crystal Sp  Conj/Erth      #######...   7%          8    ####...
c - Inner Flame           Hex/Fire       ######..     1%          3    None
d - Sticky Flame          Conj/Fire      #######.     1%          4    None
e - Fireball              Conj/Fire      #######...   1%          5    None
f - Mephitic Cloud        Conj/Pois/Air  #######.     1%          3    None
g - Blink                 Tloc           N/A          1%          2    None
j - Lee's Rapid Deconstr  Erth           #######...   1%          5    None
k - Airstrike             Air            #######...   1%          4    None
l - Ignite Poison         Fire/Tmut/Pois ######..     1%          3    None
m - Leda's Liquefaction   Hex/Erth       ######....   1%          4    None
n - Freezing Cloud        Conj/Ice/Air   #######...   1%          6    None
o - Iron Shot             Conj/Erth      #######...   1%          6    None

Your spell library contained the following spells:

 Spells                   Type           Power        Failure   Level  Hunger
 Chain Lightning          Conj/Air       #######...   16%         8    ####...
 Fire Storm               Conj/Fire      #######...   67%         9    #####..
 Magic Dart               Conj           ####         0%          1    None
 Shock                    Conj/Air       ####         0%          1    None
 Corona                   Hex            #####..      1%          1    None
 Freeze                   Ice            ####         1%          1    None
 Summon Small Mammal      Summ           ####         1%          1    None
 Call Imp                 Summ           #####...     1%          2    None
 Poisonous Vapours        Pois/Air       ######       1%          2    None
 Slow                     Hex            #####...     1%          2    None
 Swiftness                Chrm/Air       ######..     1%          2    None
 Conjure Flame            Conj/Fire      #######.     0%          3    None
 Frozen Ramparts          Ice            ######       1%          3    None
 Ozocubu's Armour         Chrm/Ice       ######..     1%          3    None
 Portal Projectile        Hex/Tloc       #####.       1%          3    None
 Static Discharge         Conj/Air       #######.     1%          3    None
 Summon Guardian Golem    Hex/Summ       #####...     1%          3    None
 Hailstorm                Conj/Ice       #######.     1%          4    None
 Ice Form                 Ice/Tmut       ######..     1%          4    None
 Summon Lightning Spire   Summ/Air       ######..     1%          4    None
 Irradiate                Conj/Tmut      #######...   1%          5    None
 Lightning Bolt           Conj/Air       #######...   1%          5    None
 Starburst                Conj/Fire      #######...   1%          6    None
 Call Canine Familiar     Summ           #####...     2%          3    None
 Summon Ice Beast         Ice/Summ       ######..     2%          4    None
 Ozocubu's Refrigeration  Ice            ######....   3%          6    None
 Cause Fear               Hex            #####.....   5%          4    None
 Metabolic Englaciation   Hex/Ice        ######....   6%          5    None
 Statue Form              Tmut/Erth      ######...    8%          6    None
 Ignition                 Fire           #######...   13%         8    ####...
 Simulacrum               Ice/Necr       ######....   38%         6    None
 Ring of Flames           Chrm/Fire      ######....   54%         7    None
 Hydra Form               Tmut           #####.....   56%         6    None
 Dragon Form              Tmut           #####.....   98%         7    None


Dungeon Overview and Level Annotations

Branches:
Dungeon (15/15)            Temple (1/1) D:7            Lair (6/6) D:10
 Shoals (4/4) Lair:2       Spider (4/4) Lair:2        Slime (0/5) Lair:5
    Orc (2/2) D:9             Elf (0/3) Orc:2        Vaults (0/5) D:14
 Depths (0/5) D:15          Sewer (visited)         Ossuary (visited)
Volcano (visited)

Altars:
Ashenzari
Cheibriados
Dithmenos
Elyvilon
Fedhas
Gozag
Hepliaklqana
Kikubaaqudgha
Makhleb
Nemelex Xobeh
Okawaru
Qazlal
Ru
Sif Muna
Trog
Uskayaw
Vehumet
Wu Jian
Xom
Yredelemnul
Zin
The Shining One
Beogh
Jiyva

Shops:
D:14 *   Orc:2 (***   Shoals:3 *


Innate Abilities, Weirdness & Mutations

You have a pair of small antennae on your head.
You have supernaturally acute eyesight. (SInv)
You are somewhat resistant to further mutation.


Message History

The merfolk impaler is engulfed in a cloud of scalding steam.
The merfolk impaler hits you from afar with a +2 trident of protection!
The merfolk javelineer throws a silver javelin.
The silver javelin completely misses you.
You hear a splash.
The merfolk aquamancer casts a spell.
The merfolk aquamancer blinks!
The harpy moves out of view.
Unknown command.
Unknown command.
Unknown command.
Unknown command.
You block the harpy's attack. The harpy claws you!
The merfolk impaler is engulfed in a cloud of scalding steam.
The merfolk impaler hits you from afar with a +2 trident of protection!
* * * LOW HITPOINT WARNING * * *
The merfolk javelineer throws a silver javelin.
The silver javelin pierces through you!!
* * * LOW HITPOINT WARNING * * *
The silver sears you!
You die...

≈≈≈≈.....≈≈≈≈≈≈
≈.≈≈≈≈≈≈≈≈≈≈≈≈≈
.≈≈≈≈≈≈≈≈≈≈≈≈≈≈
≈≈≈(≈≈≈≈≈≈≈.≈≈.
≈≈≈≈m.()≈≈≈.≈≈≈≈≈≈≈. ..≈
≈≈≈≈≈≈.t..≈≈≈≈≈≈≈≈≈. ..≈
≈.≈≈≈((....≈m≈≈≈≈≈.( .≈≈
.......@..≈≈≈≈≈≈m≈.. ...
§..%...H.....≈m≈≈≈≈.#...
....#.Hm§..≈≈≈≈≈..[.).m.
... #.....mH...≈≈.).H.(≈
. #.H§(.....H≈mH..<.)|
.............≈c.....
...≈≈.............†).
...≈≈.....)...........
...........


You could see a merfolk avatar, a merfolk impaler, a merfolk javelineer, a
merfolk aquamancer, a snapping turtle, a merfolk, a manticore and 4 harpies.

Vanquished Creatures
  Mara (Shoals:3)
  Arachne (Spider:2)
  Rupert (D:12)
  Polyphemus (Shoals:3)
  Kirke (Lair:5)
  Ilsuiw (Shoals:3)
  An orc warlord (Orc:1)
  3 ghost moths (Spider:4)
  6 emperor scorpions
  An entropy weaver (Spider:3)
  3 merfolk javelineers
  A spark wasp (Spider:4)
  A fire dragon (Volcano)
  Erolcha (D:9)
  5 hydras
  Fannar (D:10)
  2 merfolk impalers
  A catoblepas (Shoals:3)
  A merfolk avatar (Shoals:4)
  2 alligator snapping turtles
  3 centaur warriors
  A satyr (Shoals:3)
  4 merfolk aquamancers
  3 ogre magi
  14 two-headed ogres
  6 death yaks
  2 tengu warriors
  Urug (Orc:1)
  4 orc high priests (Orc:2)
  Nergalle (Lair:3)
  Sonja (D:9)
  A deep elf knight (D:14)
  8 sea snakes
  2 unseen horrors
  A glowing orange brain (D:15)
  A lindwurm (Volcano)
  21 harpies
  A deep elf mage (D:14)
  16 orb spiders
  8 orc knights
  4 cyclopes
  6 orc sorcerers
  14 ugly things
  15 fauns
  19 wolf spiders
  5 manticores
  2 moths of wrath (Spider:3)
  14 merfolk sirens
  4 black mambas
  12 elephants
  A water nymph (Shoals:3)
  2 gargoyles (D:14)
  2 molten gargoyles (Volcano)
  17 spiny frogs
  11 demonic crawlers
  2 yaktaurs (D:14)
  A kobold demonologist (D:13)
  2 rime drakes
  2 efreet (D:14)
  5 komodo dragons
  A rime drake (shapeshifter) (D:15)
  3 tengu conjurers (D:15)
  A queen bee (D:9)
  3 meliai (Spider:3)
  7 polar bears
  21 merfolk
  21 jumping spiders
  7 trolls
  A troll (shapeshifter) (D:15)
  3 wind drakes
  11 blink frogs
  15 hornets
  9 slime creatures
  3 snapping turtles
  Prince Ribbit (Lair:3)
  13 hippogriffs
  Sigmund (D:2)
  7 dream sheep
  A centaur simulacrum (D:14)
  A wyvern (shapeshifter) (D:15)
  16 water elementals
  2 wraiths
  8 wyverns
  41 redbacks
  23 tarantellas
  12 spriggans (Lair:6)
  5 basilisks
  Eustachio (D:6)
  4 fire bats (Volcano)
  41 yaks
  2 hogs
  A yak (shapeshifter) (D:13)
  3 vampire mosquitoes (D:13)
  12 wargs
  An acid dragon (D:15)
  Edmund (D:6)
  A soldier ant (D:14)
  A floating eye (shapeshifter) (D:15)
  3 hell hounds (Volcano)
  55 orc warriors
  10 water moccasins
  2 porcupines
  5 black bears
  An eye of draining (D:9)
  A necrophage (D:6)
  2 ice beasts
  5 sky beasts
  2 phantoms
  4 boggarts
  22 centaurs
  19 ogres
  23 wolves
  11 crocodiles
  5 big kobolds
  A big kobold (shapeshifter) (D:14)
  An elf zombie (Ossuary)
  9 bullfrogs
  A wyvern zombie (D:11)
  A water moccasin zombie (D:9)
  3 wyvern skeletons
  11 scorpions
  30 killer bees
  3 wights (D:12)
  8 howler monkeys
  2 electric eels
  5 bullfrog zombies
  4 lava snakes (Volcano)
  13 crimson imps
  A quasit (D:8)
  4 centaur skeletons
  4 centaur zombies
  8 hounds
  3 human zombies (Ossuary)
  6 jellies
  40 orc priests
  4 bullfrog skeletons
  2 iguanas
  30 orc wizards
  12 worker ants
  A killer bee zombie (D:9)
  2 mummies (Ossuary)
  A worker ant zombie (D:10)
  4 gnolls (D:7)
  21 adders
  A river rat (D:6)
  5 shadow imps
  An ooze (D:3)
  An adder skeleton (D:9)
  An adder zombie (D:5)
  6 worms
  2 dart slugs
  5 leopard geckos
  118 orcs
  2 ball pythons
  8 giant cockroaches
  5 goblins
  8 hobgoblins
  6 jackals
  2 quokkas
  6 bats
  5 frilled lizards
  A giant cockroach zombie (D:5)
  2 goblin zombies (Ossuary)
  6 hobgoblin zombies (Ossuary)
  2 jackal zombies (Ossuary)
  18 kobolds
  11 kobold zombies (Ossuary)
  A leopard gecko skeleton (D:8)
  10 orc zombies (Ossuary)
  2 quokka skeletons
  A quokka zombie (D:5)
  7 rats
  2 rat zombies (Ossuary)
  A bush (Lair:2)
  5 fungi
  7 plants
1242 creatures vanquished.

Vanquished Creatures (collateral kills)
  Donald (Shoals:3)
  A manticore (Shoals:3)
  A killer bee (D:9)
3 creatures vanquished.

Vanquished Creatures (others)
  An orc warlord (Orc:2)
  A centaur warrior (D:14)
  3 fauns
  2 cyclopes
  A human (Lair:6)
  2 orc warriors (Orc:2)
  A wolf (Lair:6)
  3 centaurs
  2 killer bees (D:9)
  A howler monkey (D:14)
  2197 foxfires
  15 fungi
  15 plants
2244 creatures vanquished.

Grand Total: 3489 creatures vanquished

Notes
Turn   | Place    | Note
-------+----------+-------------------------------------------
     0 | D:1      | 15 the Deep Elf Fire Elementalist began the quest for the
                  | Orb.
     0 | D:1      | Reached XP level 1. HP: 10/10 MP: 6/6
   196 | D:1      | Reached XP level 2. HP: 15/15 MP: 1/8
   831 | D:2      | Reached XP level 3. HP: 19/19 MP: 5/10
   858 | D:2      | Learned a level 3 spell: Conjure Flame
   862 | D:2      | Learned a level 3 spell: Inner Flame
   951 | D:2      | Reached skill level 4 in Spellcasting
   952 | D:2      | Noticed Sigmund
   974 | D:2      | Killed Sigmund
   974 | D:2      | Reached skill level 5 in Spellcasting
   974 | D:2      | Reached XP level 4. HP: 2/24 MP: 1/13
   974 | D:2      | Reached XP level 5. HP: 2/28 MP: 1/14
  1525 | D:2      | Learned a level 4 spell: Sticky Flame
  1768 | D:2      | Reached XP level 6. HP: 32/32 MP: 2/16
  1875 | D:2      | Found a hide-covered altar of Uskayaw.
  1877 | D:2      | Found a bloodstained altar of Trog.
  1877 | D:2      | Found a shadowy altar of Dithmenos.
  1883 | D:2      | Found a snail-covered altar of Cheibriados.
  1883 | D:2      | Found a shimmering altar of Xom.
  1883 | D:2      | Found a snail-covered altar of Cheibriados.
  2205 | D:3      | Reached skill level 6 in Spellcasting
  2205 | D:3      | Reached skill level 5 in Fire Magic
  2218 | D:3      | Learned a level 5 spell: Fireball
  2255 | D:3      | Found an ancient bone altar of Kikubaaqudgha.
  2255 | D:3      | Found a burning altar of Makhleb.
  2717 | D:4      | Found a sparkling altar of Nemelex Xobeh.
  2772 | D:4      | Reached XP level 7. HP: 36/36 MP: 11/18
  3057 | D:4      | Reached skill level 7 in Spellcasting
  3396 | D:5      | Entered Level 5 of the Dungeon
  3758 | D:5      | Found an opulent altar of Gozag.
  3923 | D:5      | Found an iron altar of Okawaru.
  3924 | D:5      | Found a glowing golden altar of the Shining One.
  3945 | D:5      | Reached skill level 5 in Conjurations
  3957 | D:5      | Found a shimmering blue altar of Sif Muna.
  3957 | D:5      | Found a basalt altar of Yredelemnul.
  4032 | D:5      | Reached skill level 1 in Short Blades
  4032 | D:5      | Reached skill level 8 in Spellcasting
  4032 | D:5      | Reached XP level 8. HP: 41/41 MP: 13/22
  4161 | D:6      | Noticed Edmund
  4176 | D:6      | Killed Edmund
  4176 | D:6      | Reached skill level 1 in Armour
  4313 | D:6      | Noticed Eustachio
  4313 | D:6      | Reached skill level 9 in Spellcasting
  4326 | D:6      | Killed Eustachio
  4390 | D:6      | Found a glowing drain.
  4417 | Sewer    | Entered a sewer
  5075 | D:6      | Found a bloodstained altar of Trog.
  5127 | D:7      | Reached XP level 9. HP: 46/46 MP: 11/24
  5243 | D:7      | Found a staircase to the Ecumenical Temple.
  5257 | Temple   | Entered the Ecumenical Temple
  5271 | Temple   | Became a worshipper of Vehumet
  5545 | D:7      | Reached skill level 10 in Spellcasting
  5705 | D:7      | Learned a level 3 spell: Mephitic Cloud
  5708 | D:7      | Learned a level 2 spell: Blink
  5752 | D:7      | Found a hide-covered altar of Uskayaw.
  5765 | D:7      | Found a sand-covered staircase.
  5770 | Ossuary  | Entered an ossuary
  5818 | Ossuary  | Reached * piety under Vehumet
  5818 | Ossuary  | Offered knowledge of Shock by Vehumet.
  5821 | Ossuary  | Learned a level 1 spell: Shock
  6024 | Ossuary  | Reached skill level 1 in Fighting
  6119 | Ossuary  | Offered knowledge of Sandblast by Vehumet.
  6124 | Ossuary  | Learned a level 1 spell: Sandblast
  6153 | Ossuary  | Reached ** piety under Vehumet
  6371 | D:7      | Found a white marble altar of Elyvilon.
  6767 | D:8      | Reached skill level 1 in Evocations
  6943 | D:8      | Found a radiant altar of Vehumet.
  7204 | D:8      | Got a faintly humming robe
  7215 | D:8      | Identified the +1 robe of the Learner {rPois Regen+ Str+4}
                  | (You found it on level 8 of the Dungeon)
  7735 | D:9      | Reached skill level 1 in Earth Magic
  7789 | D:9      | Reached skill level 11 in Spellcasting
  7799 | D:9      | Found a shattered altar of Ashenzari.
  7806 | D:9      | Offered knowledge of Dazzling Flash by Vehumet.
  7806 | D:9      | Reached XP level 10. HP: 53/53 MP: 12/27
  8133 | D:9      | Reached *** piety under Vehumet
  8140 | D:9      | Learned a level 3 spell: Dazzling Flash
  8144 | D:9      | Found a staircase to the Orcish Mines.
  8544 | D:9      | Noticed a tengu warrior
  8619 | D:9      | Offered knowledge of Airstrike by Vehumet.
  8619 | D:9      | Reached skill level 12 in Spellcasting
  8625 | D:9      | Learned a level 4 spell: Airstrike
  8625 | D:9      | Noticed Erolcha
  8714 | D:9      | Found a glowing silver altar of Zin.
  8971 | D:9      | Killed Erolcha
  9152 | D:9      | Learned a level 3 spell: Ignite Poison
  9158 | D:9      | Got a bloodstained trident
  9159 | D:9      | Identified the +4 trident of Conservatism {flame, *Rage
                  | +Inv rElec Stlth+} (You found it on level 9 of the Dungeon)
  9162 | D:9      | Identified the cursed ring "Zausoq" {rC+ Int-3}
  9162 | D:9      | Noticed a centaur warrior
  9376 | D:9      | Reached **** piety under Vehumet
  9376 | D:9      | Reached XP level 11. HP: 59/59 MP: 16/29
  9399 | D:9      | Offered knowledge of Lightning Bolt by Vehumet.
  9715 | D:9      | Killed a tengu warrior
 10002 | D:9      | Killed a centaur warrior
 10002 | D:9      | Reached skill level 1 in Air Magic
 10002 | D:9      | Reached skill level 1 in Poison Magic
 10081 | D:10     | Entered Level 10 of the Dungeon
 10089 | D:10     | Noticed Fannar
 10100 | D:10     | Killed Fannar
 10165 | D:10     | Reached skill level 13 in Spellcasting
 10176 | D:10     | Reached skill level 5 in Evocations
 10359 | D:10     | Found a staircase to the Lair.
 10930 | D:10     | Reached ***** piety under Vehumet
 11033 | D:10     | Offered knowledge of Lee's Rapid Deconstruction by Vehumet.
 11041 | D:10     | Learned a level 5 spell: Lee's Rapid Deconstruction
 11173 | D:11     | Reached skill level 1 in Staves
 11211 | D:11     | Reached skill level 5 in Dodging
 11346 | D:11     | Reached skill level 5 in Earth Magic
 11346 | D:11     | Reached XP level 12. HP: 66/66 MP: 25/31
 11436 | D:11     | Got a scintillating marble ring
 11450 | D:11     | Identified the ring of Buomep {Ice Str+10} (You found it on
                  | level 11 of the Dungeon)
 11689 | D:11     | Reached skill level 5 in Armour
 11689 | D:11     | Reached skill level 1 in Shields
 11707 | D:11     | Got an ichor-stained falchion
 11708 | D:11     | Identified the cursed +3 falchion "Giantbane" {drain, rElec
                  | Str+5 Int+3} (You found it on level 11 of the Dungeon)
 11823 | D:12     | Reached skill level 5 in Stealth
 11892 | D:12     | Noticed an eight-headed hydra
 11908 | D:12     | Killed an eight-headed hydra
 12065 | D:12     | Reached skill level 10 in Conjurations
 12111 | D:12     | Reached skill level 1 in Long Blades
 12355 | D:12     | Reached skill level 14 in Spellcasting
 12748 | D:12     | Noticed Rupert
 12875 | D:12     | Killed Rupert
 13360 | D:13     | Noticed a centaur warrior
 13368 | D:13     | Killed a centaur warrior
 13754 | D:13     | Learned a level 4 spell: Leda's Liquefaction
 13822 | D:13     | Reached XP level 13. HP: 72/72 MP: 26/33
 14223 | D:14     | Found Veliver's General Store.
 14235 | D:14     | Bought a scroll of identify for 24 gold pieces
 14235 | D:14     | Bought a scroll of enchant armour for 90 gold pieces
 14235 | D:14     | Bought a scroll of remove curse for 36 gold pieces
 14235 | D:14     | Bought a scroll of remove curse for 36 gold pieces
 14235 | D:14     | Bought a scroll of acquirement for 624 gold pieces
 14235 | D:14     | Bought a scroll of identify for 24 gold pieces
 14235 | D:14     | Bought a scroll of teleportation for 36 gold pieces
 14235 | D:14     | Bought a scroll of summoning for 114 gold pieces
 14236 | D:14     | Identified the ring of Miaf {MR+ Int+2 Stlth+} (You
                  | acquired it on level 14 of the Dungeon)
 14236 | D:14     | Identified the Papyrus of the Entourage and Earth (You
                  | acquired it on level 14 of the Dungeon)
 14337 | D:14     | Reached skill level 15 in Spellcasting
 14511 | D:14     | Reached skill level 5 in Fighting
 14804 | D:14     | Offered knowledge of Bolt of Magma by Vehumet.
 15193 | D:14     | Found a gate to the Vaults.
 15277 | D:15     | Entered Level 15 of the Dungeon
 15968 | D:15     | Reached skill level 1 in Transmutations
 15968 | D:15     | Reached XP level 14. HP: 78/78 MP: 21/35
 16036 | D:15     | Reached skill level 16 in Spellcasting
 16036 | D:15     | Reached skill level 5 in Air Magic
 16172 | D:15     | Found a flickering gateway to a bazaar.
 16212 | Bazaar   | Entered a bazaar
 16212 | Bazaar   | Found Vysiry's Antique Armour Emporium.
 16212 | Bazaar   | Found Cexux's Armour Emporium.
 16217 | Bazaar   | Found Ypnafour's Jewellery Shop.
 16225 | Bazaar   | Found Gaesow's Gadget Emporium.
 16234 | Bazaar   | Found Plog's Gadget Boutique.
 16300 | Bazaar   | Bought a wand of disintegration (11) for 165 gold pieces
 16691 | D:15     | Gained mutation: Your magical capacity is low. (-10% MP) [a
                  | shining eye]
 16700 | D:15     | Lost mutation: Your magical capacity is low. (-10% MP)
                  | [potion of mutation]
 16700 | D:15     | Gained mutation: Your magical capacity is low. (-10% MP)
                  | [potion of mutation]
 16700 | D:15     | Gained mutation: You have sharp toenails. [potion of
                  | mutation]
 16701 | D:15     | Lost mutation: Your magical capacity is low. (-10% MP)
                  | [potion of mutation]
 16701 | D:15     | Lost mutation: You have sharp toenails. [potion of
                  | mutation]
 16701 | D:15     | Gained mutation: You have a pair of small antennae on your
                  | head. [potion of mutation]
 16701 | D:15     | Gained mutation: You are somewhat resistant to further
                  | mutation. [potion of mutation]
 16701 | D:15     | Gained mutation: You have supernaturally acute eyesight.
                  | (SInv) [potion of mutation]
 16983 | D:15     | Found a staircase to the Depths.
 17109 | Lair:1   | Entered Level 1 of the Lair of Beasts
 17136 | Lair:1   | Learned a level 6 spell: Freezing Cloud
 17911 | Lair:2   | Found a staircase to the Shoals.
 18236 | Lair:2   | Found a hole to the Spider Nest.
 18953 | Lair:3   | Noticed Nergalle
 18958 | Lair:3   | Killed Nergalle
 19038 | Lair:3   | Noticed Prince Ribbit
 19115 | Lair:3   | Killed Prince Ribbit
 19115 | Lair:3   | Offered knowledge of Yara's Violent Unravelling by Vehumet.
 19593 | Lair:3   | Reached skill level 17 in Spellcasting
 19593 | Lair:3   | Reached skill level 1 in Ice Magic
 19796 | Lair:4   | Reached ****** piety under Vehumet
 20277 | Lair:5   | Reached skill level 1 in Translocations
 20515 | Lair:5   | Found a staircase to the Slime Pits.
 20515 | Lair:5   | Found a viscous altar of Jiyva.
 20577 | Lair:5   | Reached skill level 1 in Throwing
 21198 | Lair:6   | Entered Level 6 of the Lair of Beasts
 21372 | Lair:6   | Noticed Kirke
 21385 | Lair:5   | Killed Kirke
 21385 | Lair:5   | Reached XP level 15. HP: 75/84 MP: 20/38
 21616 | Lair:5   | Offered knowledge of Ozocubu's Refrigeration by Vehumet.
 22798 | Lair:6   | Offered knowledge of Spellforged Servitor by Vehumet.
 23566 | Orc:1    | Entered Level 1 of the Orcish Mines
 23566 | Orc:1    | Noticed Sonja
 23732 | D:9      | Killed Sonja
 23780 | Orc:1    | Noticed Urug
 23792 | Orc:1    | Killed Urug
 23792 | Orc:1    | Reached skill level 18 in Spellcasting
 23863 | Orc:1    | Found a dark tunnel.
 23886 | Volcano  | Entered a volcano
 24317 | Volcano  | Found a bloodstained altar of Trog.
 24872 | Orc:1    | Noticed an orc warlord
 24908 | Orc:1    | Killed an orc warlord
 24908 | Orc:1    | Reached skill level 10 in Fire Magic
 25043 | Orc:1    | Offered knowledge of Iron Shot by Vehumet.
 25062 | Orc:1    | You fall into a shaft and drop 1 floor!
 25062 | Orc:2    | Entered Level 2 of the Orcish Mines
 25062 | Orc:2    | Found Rinile's Assorted Antiques.
 25657 | Orc:2    | Found a roughly hewn altar of Beogh.
 25909 | Orc:2    | Found Ezud's Assorted Antiques.
 25914 | Orc:2    | Bought a potion of curing for 78 gold pieces
 25914 | Orc:2    | Bought a scroll labeled LORIBAUZXADU for 26 gold pieces
 25914 | Orc:2    | Bought a papyrus book for 390 gold pieces
 25914 | Orc:2    | Bought a scroll of amnesia for 91 gold pieces
 25914 | Orc:2    | Bought a scroll of remove curse for 78 gold pieces
 25914 | Orc:2    | Bought a scroll of identify for 52 gold pieces
 25914 | Orc:2    | Bought an agate ring for 130 gold pieces
 25924 | Orc:2    | Found Zoruuser's General Store.
 25964 | Orc:2    | Bought a ration for 55 gold pieces
 25964 | Orc:2    | Bought a potion of brilliance for 44 gold pieces
 25964 | Orc:2    | Bought a scroll of remove curse for 33 gold pieces
 26887 | Orc:2    | Reached skill level 1 in Hexes
 26887 | Orc:2    | Reached XP level 16. HP: 88/88 MP: 26/40
 26924 | Orc:2    | Learned a level 6 spell: Iron Shot
 26980 | Orc:2    | Offered knowledge of Conjure Ball Lightning by Vehumet.
 27076 | Orc:2    | Found a roughly hewn altar of Beogh.
 27216 | Orc:2    | Identified the +4 fustibalus of the People {venom, +Fly rC-
                  | Stlth+}
 27357 | Orc:2    | Found Tybuagri's Antique Weapon Boutique.
 27595 | Orc:2    | Found a staircase to the Elven Halls.
 27985 | Spider:1 | Entered Level 1 of the Spider Nest
 28341 | Spider:1 | Reached skill level 10 in Evocations
 29275 | Spider:2 | Offered knowledge of Lehudib's Crystal Spear by Vehumet.
 29275 | Spider:2 | Offered knowledge of Fire Storm by Vehumet.
 29275 | Spider:2 | Offered knowledge of Chain Lightning by Vehumet.
 29436 | Spider:2 | Noticed Arachne
 29449 | Spider:2 | Killed Arachne
 30180 | Spider:2 | Identified the +2 robe of Midsummer {rElec rF+ rC- rCorr}
                  | (You found it on level 2 of the Spider Nest)
 30717 | Spider:3 | Reached skill level 19 in Spellcasting
 30788 | Spider:3 | Reached skill level 10 in Earth Magic
 31799 | Spider:4 | Entered Level 4 of the Spider Nest
 32084 | Spider:4 | Reached skill level 5 in Ice Magic
 32342 | Spider:4 | Identified the +1 pair of gloves "Lumothre" {rPois MR+}
                  | (You found it on level 4 of the Spider Nest)
 33283 | Spider:4 | Reached XP level 17. HP: 93/93 MP: 31/42
 33641 | Spider:4 | Learned a level 8 spell: Lehudib's Crystal Spear
 34206 | Spider:4 | Got a gossamer rune of Zot
 34443 | Shoals:1 | Entered Level 1 of the Shoals
 34589 | Shoals:1 | Reached skill level 5 in Shields
 35304 | Shoals:1 | Identified the +5 short sword "Lyatenuepp" {protect,
                  | *Contam Str+8} (You found it on level 1 of the Shoals)
 36363 | Shoals:3 | Noticed Ilsuiw
 36407 | Shoals:3 | Found Nitaheell's Needful Niceties.
 36407 | Shoals:3 | Noticed Mara
 36413 | Shoals:3 | Killed Mara
 36742 | Shoals:3 | Noticed Donald
 36745 | Shoals:3 | Killed Donald
 36917 | Shoals:3 | Killed Ilsuiw
 36922 | Shoals:3 | Noticed Polyphemus
 37551 | Shoals:3 | Killed Polyphemus
 37584 | Shoals:3 | Reached XP level 18. HP: 98/98 MP: 9/43
 37859 | Shoals:4 | Entered Level 4 of the Shoals
 38995 | Shoals:3 | Upgraded the game from 0.25-a0-589-g1e14c54 to
                  | 0.25-a0-591-g2ad0d86
 39163 | Shoals:4 | HP: 1/98 [merfolk javelineer/silver javelin (19)]
 39163 | Shoals:4 | Hit by a silver javelin thrown by a merfolk javelineer

Levels and vault maps discovered:
D:1:      minmay_arrival_open_corners, layout_loops_cross, serial_bayou_pond_d
D:2:      layout_basic, doesnt_xom_only_xom, uniq_sigmund
D:3:      layout_basic, gammafunk_temple_overflow_pools, first_ration,
          serial_glass, glass_columns_a, glass_columns_b
D:4:      layout_basic, old_standard_altar, kennysheep_small_square
D:5:      layout_loops_ring, grunt_temple_overflow_open
D:6:      layout_rooms, lemuel_crystal_altar, portal_sewer_entry_b,
          uniq_eustachio, uniq_edmund
D:7:      layout_loops_cross, eat_drink_and_be_merry_uskayaw,
          lemuel_round_altar, minmay_temple_entry_arrows, enter_ossuary_2
D:8:      layout_basic, grunt_ogre_cave, dk_noncrumbling_2, minmay_holes,
          lemuel_statue_altar
D:9:      minmay_the_grid_octo_tiled_squarecenter [minmay_the_grid_octo_teeth,
          minmay_the_grid_octo_clover_2, minmay_the_grid_octo_clover,
          minmay_the_grid_octo_tetromino_candy,
          minmay_the_grid_square_5x5_megaprize_checkered,
          minmay_the_grid_square_5x5_lines,
          minmay_the_grid_square_5x5_six_small,
          minmay_the_grid_square_5x5_shrine2,
          minmay_the_grid_square_5x5_half_checkered], layout_small_grid,
          overflow_temple_1_default, special_room [special_room_bee],
          ashenzari_altar_1, uniq_erolcha
D:10:     layout_irregular_city, erik_lair_orcish_takeover, serial_bayou_pond_b,
          minmay_alternating_orb, uniq_fannar
D:11:     layout_roguey
D:12:     layout_basic, uniq_rupert
D:13:     layout_basic
D:14:     layout_basic, hangedman_vaults_entry_quadrant_bands, serial_shops,
          shop
D:15:     gammafunk_enter_depths_forms, layout_loops_ring, serial_shops,
          bzr_entry_lakeside, hangedman_decor_push
Temple:   jpeg_temple_island
Lair:1:   layout_hall_layers, chequers_serial_rivers_room_a
Lair:2:   layout_regular_city, minmay_shoals_entry_beasts,
          spider_nest_entry_webs, grunt_megastairs_1, lemuel_fruit_tree,
          infiniplex_staircase_pool
Lair:3:   layout_long_grid, hibernation_bobbens, uniq_nergalle,
          uniq_prince_ribbit2
Lair:4:   layout_big_grid
Lair:5:   layout_roguey, slime_altar_1
Lair:6:   minmay_lair_end_enchanted_forest, layout_loops_ring, st_stairs_3,
          lemuel_fruit_fields, grunt_megastairs_3, uniq_kirke
Shoals:1: layout_shoals
Shoals:2: layout_shoals
Shoals:3: layout_shoals, nicolae_alphabet_shops, uniq_ilsuiw, uniq_donald,
          uniq_polyphemus, uniq_mara
Shoals:4: shoals_end_hangedman, layout_shoals
Spider:1: layout_spider_delve
Spider:2: layout_chambers, uniq_arachne
Spider:3: layout_chambers, drop_trap
Spider:4: guppyfry_spider_rune
Orc:1:    layout_caves, enter_volcano_1, uniq_urug, uniq_sonja
Orc:2:    pubby_orc_utopia

Skill      XL: |  1  2  3  4  5  6  7  8  9 10 11 12 13 14 15 16 17 18 |
---------------+-------------------------------------------------------+-----
Fire Magic     | 4 5 6 7 8 9 10 11 | 11.6
Spellcasting   | 5 6 8 9 11 12 13 14 15 17 18 19 | 19.8
Dodging        | 3 4 5 6 7 8 9 |  9.8
Stealth        | 3 4 5 |  5.0
Conjurations   | 2 3 5 6 7 8 9 10 11 12 13 14 | 14.3
Short Blades   | 1 2 3 |  3.6
Armour         | 2 3 4 5 6 7 |  7.4
Fighting       | 2 3 4 5 6 |  6.2
Evocations     | 1 4 5 6 8 9 10 11 | 11.3
Earth Magic    | 1 3 5 6 7 8 9 10 11 12 | 12.0
Air Magic      | 1 3 4 6 7 8 |  8.0
Poison Magic   | 1 2 |  2.9
Staves         | 1 |  1.2
Shields        | 1 2 3 4 5 6 |  6.0
Long Blades    | 2 3 |  3.3
Transmutations | 1 |  1.6
Ice Magic      | 2 3 5 |  5.6
Translocations | 1 |  1.7
Throwing       | 1 |  1.4
Hexes          | 1 |  1.1

Action                   |  1- 3 |  4- 6 |  7- 9 | 10-12 | 13-15 | 16-18 || total
-------------------------+-------+-------+-------+-------+-------+-------++-------
Melee: Unarmed           |     5 |       |       |       |       |       ||     5
       Dagger            |     9 |    44 |   131 |   107 |   210 |    26 ||   527
       Short sword       |     1 |       |       |       |       |       ||     1
       Staff             |       |       |       |    95 |     4 |       ||    99
       Rapier            |       |       |       |    18 |    15 |     1 ||    34
       Falchion          |       |       |       |    42 |   212 |   106 ||   360
Throw: Dart              |       |       |       |       |    39 |       ||    39
       Stone             |       |       |       |       |     8 |       ||     8
 Cast: Foxfire           |    65 |   129 |   304 |   345 |   481 |   108 ||  1432
       Conjure Flame     |       |       |     1 |     2 |       |       ||     3
       Fireball          |       |       |    16 |    51 |   169 |   171 ||   407
       Sticky Flame      |       |       |     5 |    12 |    23 |    24 ||    64
       Shock             |       |       |    12 |    10 |     3 |       ||    25
       Mephitic Cloud    |       |       |     5 |    45 |    41 |    33 ||   124
       Blink             |       |       |     2 |     4 |    40 |     6 ||    52
       Dazzling Flash    |       |       |       |     3 |       |       ||     3
       Airstrike         |       |       |       |    21 |    40 |    62 ||   123
       Ignite Poison     |       |       |       |    13 |    21 |    18 ||    52
       Sandblast         |       |       |       |    24 |    26 |       ||    50
       Lee's Rapid Decon |       |       |       |    14 |    44 |    26 ||    84
       Leda's Liquefacti |       |       |       |       |     8 |     4 ||    12
       Freezing Cloud    |       |       |       |       |    55 |    51 ||   106
       Inner Flame       |       |       |       |       |     2 |     3 ||     5
       Iron Shot         |       |       |       |       |       |    74 ||    74
       Lehudib's Crystal |       |       |       |       |       |    23 ||    23
 Abil: Evoke Flight      |       |       |       |       |     2 |     2 ||     4
Evoke: Wand              |       |       |     2 |    13 |    64 |    47 ||   126
       Lamp of fire      |       |       |       |     1 |     3 |     2 ||     6
       Sack of spiders   |       |       |       |       |     1 |     2 ||     3
       Lightning rod     |       |       |       |       |     2 |    11 ||    13
  Use: Scroll            |     1 |     4 |    12 |    24 |    19 |    18 ||    78
       Potion            |     2 |     1 |     3 |     5 |     4 |     6 ||    21
 Stab: Sleeping          |       |       |     2 |       |     4 |       ||     6
       Confused          |       |       |     1 |    11 |    12 |     2 ||    26
       Invisible         |       |       |       |       |     1 |       ||     1
       Paralysed         |       |       |       |       |     4 |     7 ||    11
       Distracted        |       |       |       |       |     1 |       ||     1
  Eat: Chunk             |       |     6 |    13 |    17 |    38 |    29 ||   103
       Ration            |       |       |     2 |     2 |     3 |     4 ||    11
Armor: Robe              |     7 |    17 |    28 |    61 |    63 |    42 ||   218
Dodge: Dodged            |    23 |    35 |   112 |   228 |   287 |   247 ||   932
Block: Other             |       |       |       |    14 |       |       ||    14
       Buckler           |       |       |       |    71 |   270 |   236 ||   577
       Reflection        |       |       |       |    10 |    22 |    21 ||    53
       Rpst.: Falchion   |       |       |       |     8 |    55 |    33 ||    96

Table legend:
 A = Non-vault XP
 B = Vault XP
 C = Vault XP percentage of total XP
 D = Non-vault monster count
 E = Vault monster count
 F = Vault count percentage of total count
                 A         B        C        D         E       F
            +---------+---------+-------+---------+---------+-------
      Total |  197441 |  113499 |  36.5 |     827 |     419 |  33.6
            +---------+---------+-------+---------+---------+-------
        D:1 |      31 |       0 |   0.0 |      17 |       0 |   0.0
        D:2 |     164 |     238 |  59.2 |      34 |       1 |   2.9
        D:3 |     162 |       0 |   0.0 |      23 |       0 |   0.0
        D:4 |     311 |      93 |  23.0 |      16 |       3 |  15.8
        D:5 |     524 |       0 |   0.0 |      13 |       0 |   0.0
        D:6 |     721 |     371 |  34.0 |      14 |       6 |  30.0
        D:7 |     855 |       0 |   0.0 |      28 |       0 |   0.0
        D:8 |     945 |     455 |  32.5 |      14 |       7 |  33.3
        D:9 |    3926 |    6393 |  62.0 |      41 |      35 |  46.1
       D:10 |    3052 |    2598 |  46.0 |      35 |      18 |  34.0
       D:11 |    4201 |       0 |   0.0 |      33 |       0 |   0.0
       D:12 |    7140 |    2668 |  27.2 |      44 |       1 |   2.2
       D:13 |    4384 |       0 |   0.0 |      29 |       0 |   0.0
       D:14 |    7118 |    3586 |  33.5 |      31 |      12 |  27.9
       D:15 |   23971 |    2752 |  10.3 |      65 |       7 |   9.7
     Lair:1 |    2422 |       0 |   0.0 |      10 |       0 |   0.0
     Lair:2 |    2197 |    1869 |  46.0 |       6 |       7 |  53.8
     Lair:3 |    5922 |    2355 |  28.5 |      21 |       6 |  22.2
     Lair:4 |    5703 |       0 |   0.0 |      11 |       0 |   0.0
     Lair:5 |    9068 |    2957 |  24.6 |      38 |       5 |  11.6
     Lair:6 |   10188 |    8496 |  45.5 |      30 |      42 |  58.3
   Shoals:1 |   18131 |       0 |   0.0 |      38 |       0 |   0.0
   Shoals:2 |   17404 |       0 |   0.0 |      36 |       0 |   0.0
   Shoals:3 |   11662 |   20821 |  64.1 |      27 |      14 |  34.1
   Shoals:4 |   10184 |    4312 |  29.7 |      22 |       7 |  24.1
   Spider:1 |   10291 |       0 |   0.0 |      33 |       0 |   0.0
   Spider:2 |   12344 |    3748 |  23.3 |      27 |       1 |   3.6
   Spider:3 |   11652 |       0 |   0.0 |      40 |       0 |   0.0
   Spider:4 |    6095 |   23079 |  79.1 |      12 |      39 |  76.5
      Orc:1 |    6673 |     843 |  11.2 |      39 |       1 |   2.5
      Orc:2 |       0 |   21480 | 100.0 |       0 |     147 | 100.0
      Sewer |       0 |     112 | 100.0 |       0 |       6 | 100.0
    Ossuary |       0 |     297 | 100.0 |       0 |      39 | 100.0
    Volcano |       0 |    3976 | 100.0 |       0 |      15 | 100.0
            +---------+---------+-------+---------+---------+-------
